 Dungeon Crawl Stone Soup version 0.23.2-1-ga50397a6bc (webtiles) character file.

Game seed: 2255695209977195046

24004 Revguard the Blocker (level 13, -35/100 HPs)
             Began as a Formicid Fighter on Apr 26, 2019.
             Was a High Priest of Cheibriados.
             Killed from afar by Jorgrun (53 damage)
             ... with an iron shot
             ... on level 14 of the Dungeon.
             The game lasted 00:35:58 (8631 turns).

Revguard the Blocker (Formicid Fighter)             Turns: 8631, Time: 00:35:58

Health: -35/100    AC: 16    Str: 34 (35) XL:     13   Next: 39%
Magic:  20/20      EV: 12    Int: 18 (20) God:    Cheibriados [*****.]
Gold:   615        SH:  0    Dex: 25      Spells: 12/12 levels left

rFire    + . .     SeeInvis +   h - +0 battleaxe
rCold    + . .     Gourm    +   c - +1 shield
rNeg     . . .     Faith    .   w - +0 plate armour
rPois    +         Spirit   .   (helmet unavailable)
rElec    +         Reflect  .   (no cloak)
rCorr    +         Harm     .   m - +0 pair of gloves
MR       +....                  (no boots)
Stlth    ..........             o - amulet of the gourmand
HPRegen  0.66/turn              H - +3 ring of strength
MPRegen  0.17/turn              y - ring of flight

@: confused, resistant, very slow
A: permanent stasis, dig shafts and tunnels, four strong arms, antennae 3,
hooves 1, deterioration 1, regeneration 1, MP-powered wands
a: Dig, Shaft Self, Bend Time, Temporal Distortion, Slouch, Step From Time,
Renounce Religion, Evoke Flight


You were on level 14 of the Dungeon.
You worshipped Cheibriados.
Cheibriados was extremely pleased with you.
You were very full.

You visited 2 branches of the dungeon, and saw 13 of its levels.
You also visited: Sewer and Bailey.

You collected 825 gold pieces.
You spent 210 gold pieces at shops.

Inventory:

Hand Weapons
 a - a +0 war axe
 h - a +0 battleaxe (weapon)
Armour
 c - a +1 shield (worn)
 m - a +0 pair of gloves (worn)
 w - a +0 plate armour (worn)
Jewellery
 o - an amulet of the gourmand (around neck)
 s - an uncursed ring of stealth
 y - a ring of flight (right hand)
 D - an uncursed ring of wizardry
 H - a +3 ring of strength (left hand)
Wands
 j - a wand of disintegration (5)
 r - a wand of digging (6)
 v - a wand of flame (10)
 M - a wand of polymorph (6)
Scrolls
 e - 6 scrolls of teleportation
 t - 2 scrolls of identify
 z - 4 scrolls of magic mapping
 A - 5 scrolls of remove curse
 C - a scroll of random uselessness
 G - a scroll of holy word
 J - 2 scrolls of enchant armour
 L - a scroll of enchant weapon
Potions
 b - 4 potions of brilliance
 d - 5 potions of might
 g - 2 potions of flight
 i - 5 potions of cancellation
 l - a potion of resistance
 n - a potion of lignification
 p - a potion of agility
 q - 4 potions of haste
 u - a potion of magic
 x - a potion of invisibility
 B - 2 potions of mutation
 E - a potion of ambrosia
 F - a potion of berserk rage
Miscellaneous
 K - a fan of gales (inert)
Comestibles
 f - 23 rations


   Skills:
 + Level 8.9 Fighting
 + Level 11.3 Axes
 + Level 10.5 Armour
 + Level 4.6 Dodging
 + Level 11.7 Shields
 + Level 9.7 Invocations
 + Level 6.3 Evocations


You had 12 spell levels left.
You didn't know any spells.
Your spell library contained the following spells:

 Spells                   Type           Power        Failure   Level  Hunger
 Beastly Appendage        Tmut           #.....       77%         1    ##.....
 Shock                    Conj/Air       #...         77%         1    ##.....
 Sticks to Snakes         Tmut           #.......     88%         2    ###....
 Swiftness                Chrm/Air       #.......     88%         2    ###....
 Spider Form              Tmut/Pois      #.........   98%         3    ####...
 Static Discharge         Conj/Air       #.......     98%         3    ####...
 Airstrike                Air            #.........   100%        4    #####..
 Ice Form                 Ice/Tmut       #.......     100%        4    #####..
 Blade Hands              Tmut           #.........   100%        5    ######.
 Lightning Bolt           Conj/Air       #.........   100%        5    ######.


Dungeon Overview and Level Annotations

Branches:
Dungeon (11/15)            Temple (1/1) D:6            Lair (0/6) D:11
    Orc (0/2) D:11

Altars:
Ashenzari
Cheibriados
Dithmenos
Elyvilon
Gozag
Hepliaklqana
Kikubaaqudgha
Makhleb
Nemelex Xobeh
Okawaru
Qazlal
Ru
Sif Muna
Trog
Uskayaw
Vehumet
Wu Jian
Xom
Yredelemnul
The Shining One

Shops:
D:10 ?   D:11 :

Annotations:
D:14 Jorgrun


Innate Abilities, Weirdness & Mutations

You cannot be hasted, slowed, berserked, paralysed or teleported.
You can dig through walls and to a lower floor.
Your four strong arms can wield two-handed weapons with a shield.
You have a pair of large antennae on your head. (SInv)
You have large cloven feet.
Your body sometimes deteriorates upon taking damage.
Your natural rate of healing is unusually fast.
You expend magic power (3 MP) to strengthen your wands.


Message History

Press: ? - help, Shift-Dir - straight line, f/p - Jorgrun
Aim: Jorgrun, wielding a staff of earth and wearing a +0 robe (heavily wounded, chance to defeat MR: 16%)
You feel a surge of power!
Jorgrun resists with almost no effort.
Jorgrun casts a spell at you. The iron shot hits you!!
* * * LOW HITPOINT WARNING * * *
Your body deteriorates!
You feel weakened.
You feel much better.
Jorgrun points at you and mumbles some strange words.
The iron shot hits you!!
* * * LOW HITPOINT WARNING * * *
You are confused.
You feel invigorated.
Jorgrun hits you with an uncursed staff of earth!
* * * LOW HITPOINT WARNING * * *
Jorgrun hits you but does no damage. Jorgrun casts a spell at you.
The iron shot hits you!!!
Ouch! That really hurt!
You die...

#.........##........
#.....)..<..........
###....#............
#.....#............
#..................
##..................
#...................
#...................
#).....)@...........
#......)..g.........
#....#..............
#....#..............
#................###
##......#....>...#
#.........#######
#.........#
#..........


You could see Jorgrun.

Vanquished Creatures
  An orc warlord (Bailey)
  Erica (D:9)
  3 ugly things
  A cyclops (D:11)
  A gargoyle (D:14)
  3 trolls
  Prince Ribbit (D:8)
  3 hippogriffs
  Sigmund (D:6)
  6 yaks
  A wyvern (D:9)
  4 hogs (D:8)
  A basilisk (D:11)
  Eustachio (D:4)
  A human (D:8)
  3 vampire mosquitoes (D:14)
  A water moccasin (D:7)
  An ice beast (D:6)
  9 orc warriors
  Purgy (Sewer)
  5 sky beasts
  A black bear (D:7)
  An eye of draining (D:11)
  2 necrophages
  An ogre (D:10)
  2 phantoms
  4 centaurs
  2 crocodiles
  A big kobold (D:7)
  3 bullfrogs
  A wyvern zombie (D:7)
  A wyvern skeleton (D:6)
  A water moccasin zombie (D:9)
  2 scorpions
  A water moccasin skeleton (D:8)
  16 killer bees
  10 wights
  A crimson imp (D:7)
  A howler monkey (D:6)
  2 centaur zombies
  6 hounds
  3 jellies
  2 centaur skeletons (D:6)
  5 bullfrog skeletons
  7 orc priests
  An iguana (D:9)
  12 orc wizards
  11 worker ants
  2 hound zombies
  A howler monkey skeleton (D:7)
  3 worker ant zombies (D:6)
  A gnoll (Bailey)
  8 adders
  A river rat (D:3)
  5 shadow imps
  5 oozes
  3 adder zombies
  2 adder skeletons
  A worm (D:5)
  2 dart slugs (D:4)
  7 leopard geckos
  44 orcs
  3 ball pythons
  5 giant cockroaches
  11 goblins
  12 hobgoblins
  7 jackals
  24 kobolds
  6 quokkas
  13 bats
  5 frilled lizards
  A giant cockroach zombie (D:6)
  14 rats
  A withered plant (D:6)
336 creatures vanquished.

Vanquished Creatures (others)
  An orc (D:9)
1 creature vanquished.

Grand Total: 337 creatures vanquished

Notes
Turn   | Place    | Note
-------+----------+-------------------------------------------
     0 | D:1      | Revguard the Formicid Fighter began the quest for the Orb.
     0 | D:1      | Reached XP level 1. HP: 18/18 MP: 1/1
   126 | D:1      | Reached XP level 2. HP: 24/24 MP: 2/2
   539 | D:1      | Gained mutation: You expend magic power (3 MP) to
                  | strengthen your wands. [potion of mutation]
   539 | D:1      | Gained mutation: Your body sometimes deteriorates upon
                  | taking damage. [potion of mutation]
   539 | D:1      | Gained mutation: Your natural rate of healing is unusually
                  | fast. [potion of mutation]
   539 | D:1      | Gained mutation: You have large cloven feet. [potion of
                  | mutation]
   546 | D:1      | Reached XP level 3. HP: 29/29 MP: 3/3
  1141 | D:2      | Reached XP level 4. HP: 36/36 MP: 4/4
  1539 | D:3      | Reached XP level 5. HP: 37/42 MP: 5/5
  1659 | D:3      | Found a glowing drain.
  1697 | Sewer    | Entered a sewer
  1727 | Sewer    | Noticed Purgy
  1737 | Sewer    | Killed Purgy
  1737 | Sewer    | Reached skill level 1 in Dodging
  1737 | Sewer    | Reached skill level 5 in Shields
  1737 | Sewer    | Reached XP level 6. HP: 42/48 MP: 6/6
  2014 | D:4      | Found a bloodstained altar of Trog.
  2055 | D:4      | Noticed Eustachio
  2108 | D:4      | Killed Eustachio
  2108 | D:4      | Reached skill level 1 in Evocations
  2108 | D:4      | Reached XP level 7. HP: 21/54 MP: 7/7
  2264 | D:4      | Found a basalt altar of Yredelemnul.
  2316 | D:4      | Found a white marble altar of Elyvilon.
  2387 | D:4      | Got a smelly leather armour
  2389 | D:4      | Identified the +3 leather armour "Otrurur Sya" {rElec Str-2
                  | Int+4} (You found it on level 4 of the Dungeon)
  2830 | D:5      | Entered Level 5 of the Dungeon
  2865 | D:5      | Found a deep blue altar of Sif Muna.
  2920 | D:5      | Reached skill level 5 in Axes
  3048 | D:5      | Found a shimmering altar of Xom.
  3049 | D:5      | Found a shimmering altar of Xom.
  3052 | D:5      | Found a shimmering altar of Xom.
  3065 | D:5      | Reached XP level 8. HP: 59/61 MP: 8/10
  3689 | D:6      | Noticed Sigmund
  3696 | D:6      | Killed Sigmund
  3696 | D:6      | Reached skill level 5 in Armour
  3966 | D:6      | Found a staircase to the Ecumenical Temple.
  4008 | Temple   | Entered the Ecumenical Temple
  4129 | Temple   | Became a worshipper of Cheibriados the Contemplative
  4243 | D:6      | Reached XP level 9. HP: 54/67 MP: 12/12
  4351 | D:6      | Reached skill level 5 in Fighting
  4424 | D:6      | Found a sacrificial altar of Ru.
  4428 | D:6      | Reached * piety under Cheibriados
  4815 | D:7      | Reached skill level 5 in Evocations
  4875 | D:7      | Found a flagged portal.
  4890 | Bailey   | Entered a bailey
  4895 | Bailey   | Noticed an orc warlord
  4905 | Bailey   | Reached ** piety under Cheibriados
  5028 | Bailey   | Found a runed translucent gate.
  5030 | Bailey   | Found a runed translucent gate.
  5031 | Bailey   | Found a runed translucent gate.
  5168 | Bailey   | Killed an orc warlord
  5168 | Bailey   | Reached XP level 10. HP: 76/76 MP: 1/14
  5210 | Bailey   | Reached XP level 11. HP: 85/85 MP: 9/16
  5213 | Bailey   | Reached skill level 10 in Shields
  5213 | Bailey   | Reached XP level 12. HP: 92/92 MP: 9/19
  5308 | D:7      | Reached *** piety under Cheibriados
  5739 | D:8      | Noticed Prince Ribbit
  5865 | D:8      | Reached **** piety under Cheibriados
  6115 | D:8      | Killed Prince Ribbit
  6362 | D:9      | Noticed Erica
  6371 | D:9      | Killed Erica
  6371 | D:9      | Reached skill level 10 in Armour
  6417 | D:9      | Got a jewelled leather armour
  6418 | D:9      | Identified the +1 leather armour of the Country {rElec rF+
                  | Str-2 Dex+4} (You found it on level 9 of the Dungeon)
  6452 | D:9      | Reached skill level 10 in Axes
  6561 | D:9      | Found a stormy altar of Qazlal.
  6652 | D:9      | Found a bloodstained altar of Trog.
  7056 | D:10     | Entered Level 10 of the Dungeon
  7063 | D:10     | Reached XP level 13. HP: 98/98 MP: 20/20
  7345 | D:10     | Reached ***** piety under Cheibriados
  7615 | D:10     | Found Sugeen's Magic Scroll Shoppe.
  7623 | D:10     | Bought a scroll of enchant armour for 105 gold pieces
  7623 | D:10     | Bought a scroll of enchant weapon for 105 gold pieces
  8073 | D:11     | Found a staircase to the Lair.
  8102 | D:11     | Found a staircase to the Orcish Mines.
  8427 | D:11     | Found Tusezeng's Book Shop.
  8484 | D:11     | You fall through a shaft for 3 floors!
  8559 | D:14     | Noticed Jorgrun
  8629 | D:14     | HP: 2/100 [Jorgrun/uncursed staff of earth (11)]
  8631 | D:14     | Killed from afar by Jorgrun

Skill      XL: |  1  2  3  4  5  6  7  8  9 10 11 12 13 |
---------------+----------------------------------------+-----
Shields        | 4 5 6 8 10 11 | 11.7
Axes           | 3 4 5 6 9 10 11 | 11.3
Armour         | 4 5 6 8 9 10 | 10.5
Dodging        | 1 2 4 |  4.6
Fighting       | 4 5 7 8 |  8.9
Evocations     | 1 2 4 6 |  6.3
Invocations    | 7 9 |  9.7

Action                   |  1- 3 |  4- 6 |  7- 9 | 10-12 | 13-15 || total
-------------------------+-------+-------+-------+-------+-------++-------
Melee: War axe           |    90 |   139 |   284 |       |       ||   513
       Kick              |     6 |    35 |   121 |    78 |    91 ||   331
       Battleaxe         |       |       |    77 |   196 |   171 ||   444
Invok: Slouch            |       |       |       |     1 |     1 ||     2
       Bend Time         |       |       |       |     1 |       ||     1
       Step From Time    |       |       |       |       |     1 ||     1
 Abil: Dig               |       |       |     2 |     2 |       ||     4
Evoke: Wand              |       |       |    11 |       |     5 ||    16
       Fan of gales      |       |       |       |       |     1 ||     1
       Phantom mirror    |       |       |       |       |     1 ||     1
  Use: Potion            |     5 |     1 |     4 |     2 |     6 ||    18
       Scroll            |       |     2 |     8 |     4 |     4 ||    18
  Eat: Chunk             |       |     8 |    16 |     4 |     3 ||    31
Armor: Scale mail        |    49 |   135 |     8 |       |       ||   192
       Chain mail        |       |       |   167 |     1 |       ||   168
       Plate armour      |       |       |       |    96 |    68 ||   164
Dodge: Dodged            |    40 |   116 |   125 |   116 |    77 ||   474
Block: Shield            |    65 |   156 |   272 |   212 |   190 ||   895
